 Dungeon Crawl Stone Soup version 0.19-a0-465-g1d1674b (webtiles) character file.

9 ololoev the Firebug (level 2, 0/15 HPs)
             Began as a Deep Elf Fire Elementalist on June 3, 2016.
             Slain by Natasha (9 damage)
             ... on level 3 of the Dungeon.
             The game lasted 00:01:45 (111 turns).

ololoev the Firebug (Deep Elf Fire Elementalist)     Turns: 111, Time: 00:01:45

Health: 0/15       AC:  2    Str:  5    XL:     2   Next: 6%
Magic:  1/8        EV: 13    Int: 19    God:
Gold:   24         SH:  0    Dex: 15    Spells: 1 memorised, 6 levels left

rFire  . . .     SeeInvis .     (no weapon)
rCold  . . .     Gourm    .     a - +0 robe
rNeg   . . .     Faith    .     (no shield)
rPois  .         Spirit   .     (no helmet)
rElec  .         Dismiss  .     (no cloak)
rCorr  .         Reflect  .     (no gloves)
SustAt .         Harm     .     (no boots)
MR     .....                    (no amulet)
Stlth  +++.......               (no ring)
                                f - ring of stealth

@: not resistant to hostile enchantments, fairly stealthy
A: no striking features
a: no special abilities

Inventory:

Armour
 a - a +0 robe (worn)
Jewellery
 f - a ring of stealth (left hand)
Scrolls
 d - a scroll of amnesia {unknown}
Potions
 e - a potion of agility {unknown}
Books
 b - a book of Flames

   Spells                             Type                      Level
   a - Flame Tongue                   Conjuration/Fire             1
   b - Throw Flame                    Conjuration/Fire             2
   c - Conjure Flame                  Conjuration/Fire             3
   d - Inner Flame                    Hexes/Fire                   3
   e - Sticky Flame                   Conjuration/Fire             4
   f - Fireball                       Conjuration/Fire             5
Comestibles
 c - a bread ration


   Skills:
 - Level 2.4 Dodging
 - Level 2.4 Stealth
 + Level 3.2 Spellcasting
 * Level 1.9 Conjurations
 + Level 3.4 Fire Magic


You had 6 spell levels left.
You knew the following spells:

 Your Spells              Type           Power        Failure   Level  Hunger
a - Flame Tongue          Conj/Fire      ##...        8%          1    None


You were on level 3 of the Dungeon.
You were not hungry.

You visited 1 branch of the dungeon, and saw 3 of its levels.

You collected 24 gold pieces.

#.# .......## # #.#
#.....# ## ### #.#
##...# #. .. #.#
##+#######. #. #.# #...
..##. # #.##.#####.#
#.##.
##.##..........####.##.
#........####...#......
#.###.@#.# #........###
#.h#.# ##...#.###
#..#.# ##.##.# ......
......# ###.###
###.#### #.# #.# #.. ..
###

Notes
Turn   | Place    | Note
--------------------------------------------------------------
     0 | D:1      | ololoev the Deep Elf Fire Elementalist began the quest for the Orb.
     0 | D:1      | Reached XP level 1. HP: 10/10 MP: 6/6
    53 | D:2      | Found a shattered altar of Ashenzari.
    69 | D:3      | Reached XP level 2. HP: 15/15 MP: 2/8
   108 | D:3      | Noticed Natasha
   111 | D:3      | Slain by Natasha

Dungeon Overview and Level Annotations

Branches:
Dungeon (3/15)

Altars:
Ashenzari

Annotations:
D:3 Natasha


Message History

The flame tongue hits the giant newt.
You kill the giant newt!
Found a meat ration.
There is an escape hatch in the floor here.
You slide downwards.
The hatch slams shut behind you.
An ooze comes into view.
Casting: Flame Tongue
Confirm with . or Enter, or press ? or * to list all spells.
Aiming: Flame Tongue
Press: ? - help, Shift-Dir - straight line, f - ooze
Aim: an ooze (resting)
The flame tongue hits the ooze.
The ooze is almost dead.
The ooze quivers.
Casting: Flame Tongue
Confirm with . or Enter, or press ? or * to list all spells.
Aiming: Flame Tongue
Press: ? - help, Shift-Dir - straight line, f/p - ooze
Aim: an ooze (almost dead)
The flame tongue hits the ooze.
You kill the ooze!
You have reached level 2!
As you open the door, it creaks loudly!
You hear a shout!
Found a stone staircase leading up.
A kobold comes into view. It is wielding a whip.
The kobold moves out of view.
There is an open door here.
Found a leather armour.
The kobold hits you with a whip.
Casting: Flame Tongue
Confirm with . or Enter, or press ? or * to list all spells.
Aiming: Flame Tongue
Press: ? - help, Shift-Dir - straight line, f - kobold
Aim: a kobold, wielding a whip The flame tongue misses the kobold.
The kobold closely misses you.
Casting: Flame Tongue
Confirm with . or Enter, or press ? or * to list all spells.
Aiming: Flame Tongue
Press: ? - help, Shift-Dir - straight line, f/p - kobold
Aim: a kobold, wielding a whip The flame tongue hits the kobold.
You kill the kobold!
There is a stone staircase leading up here.
You see here a whip.
You climb upwards.
A dart slug comes into view.
There is a stone staircase leading down here.
Casting: Flame Tongue
Confirm with . or Enter, or press ? or * to list all spells.
Aiming: Flame Tongue
Press: ? - help, Shift-Dir - straight line, f - dart slug
Aim: a dart slug The flame tongue hits the dart slug.
The dart slug is lightly wounded.
There is a stone staircase leading down here.
The dart slug launches a dart at you.
Helpless, you fail to dodge the slug dart.
You climb downwards.
There is a stone staircase leading up here.
You see here a whip.
Found 20 arrows.
Natasha, Servant of Life and Death comes into view.
Casting: Flame Tongue
Confirm with . or Enter, or press ? or * to list all spells.
Aiming: Flame Tongue
Press: ? - help, Shift-Dir - straight line, f - Natasha
Aim: Natasha (resting)
The flame tongue hits Natasha.
Natasha is lightly wounded.
Natasha hisses angrily.
Casting: Flame Tongue
Confirm with . or Enter, or press ? or * to list all spells.
Aiming: Flame Tongue
Press: ? - help, Shift-Dir - straight line, f/p - Natasha
Aim: Natasha (lightly wounded)
The flame tongue hits Natasha.
Natasha is severely wounded.
Natasha claws you!
Ouch! That really hurt!
You die...

You could see Natasha.

Vanquished Creatures
  An ooze (D:3)
  A dart slug (D:1)
  A giant newt (D:2)
  A kobold (D:3)
  A rat (D:2)
5 creatures vanquished.

Action                   || total
-------------------------++-------
 Cast: Flame Tongue      ||    12
Dodge: Dodged            ||     1

Vault maps used:
D:1:      dpeg_arrival_leaves_temple_mockup
D:2:      ashenzari_altar_1, first_bread, hex_tiny, uniq_iyjb
D:3:      lemuel_doored_altar, uniq_grinder, uniq_natasha, uniq_sigmund,
          uniq_robin
